 Dungeon Crawl Stone Soup version 0.31.0-12-g77e489cdc1 (webtiles) character file.

Game seed: 11139220865146931132

30 Atelerd the Magician (level 3, 0/21 HPs)
             Began as an Octopode Hedge Wizard on Jan 22, 2024.
             Slain by an adder (1 damage)
             ... on level 1 of the Dungeon on Feb 22, 2024.
             The game lasted 00:03:53 (785 turns).

Atelerd the Magician (Octopode Hedge Wizard)         Turns: 785, Time: 00:03:54

Health: 0/21       AC:  1    Str:  9    XL:     3   Next: 18%
Magic:  8/8        EV: 13    Int: 18    God:
Gold:   34         SH:  0    Dex: 11    Spells: 5/9 levels left

rFire   . . .        d - +0 dagger
rCold   . . .        (no shield)
rNeg    . . .        b - +0 hat
rPois   .            (no amulet)
rElec   .            (no ring)
rCorr   .            (no ring)
SInv    .            (no ring)
Will    .....        (no ring)
Stlth   +++          (no ring)
HPRegen 0.23/turn    (no ring)
MPRegen 0.11/turn    (no ring)
                     (no ring)

%: no passive effects
@: lethally poisoned (0 -> -2)
A: almost no armour, amphibious, 8 rings, camouflage 1, gelatinous body 1,
(nimble swimmer 1), tentacles
a: no special abilities


You were on level 1 of the Dungeon.
You visited 1 branch of the dungeon, and saw 2 of its levels.

You collected 34 gold pieces.

Inventory:

Hand Weapons
 a - a +0 dagger
 d - a +0 dagger (weapon)
Armour
 b - a +0 hat (worn)
Scrolls
 e - a scroll of noise {unknown}


   Skills:
 + Level 0.1 Fighting
 - Level 2.0 Dodging
 - Level 2.6 Stealth
 + Level 3.7 Spellcasting
 * Level 1.8 Conjurations
 - Level 1.0 Summonings
 - Level 1.0 Translocations


You had 5 spell levels left.
You knew the following spells:

 Your Spells              Type           Power      Damage    Failure   Level
a - Magic Dart            Conj           36%        1d4       7%          1
b - Mephitic Cloud        Conj/Alch/Air  5%         N/A       34%         3

Your spell library contained the following spells:

 Spells                   Type           Power      Damage    Failure   Level
 Slow                     Hex            12%        N/A       16%         1
 Blink                    Tloc           12%        N/A       16%         2
 Call Imp                 Summ           12%        N/A       16%         2
 Cigotuvi's Dreadful Rot  Necr/Alch/Air  6%         N/A       22%         2


Dungeon Overview and Level Annotations

Branches:
Dungeon (2/15)

Altars:

Annotations:
D:2 Terence


Innate Abilities, Weirdness & Mutations

You cannot wear most types of armour.
You are amphibious.
You can wear up to eight rings at the same time.
Your skin changes colour to match your surroundings (Stealth+).
Your rubbery body absorbs attacks. (AC +1, EV +1)
((You are camouflaged when in or above water. (Stealth+)))
You have tentacles for arms and can constrict up to eight enemies at once.


Message History

You feel sick. The adder bites you.
Unknown command.
Unknown command.
Casting: Magic Dart (safe; 7% risk of failure)
Confirm with . or Enter, or press ? or * to list all spells.
Aiming: Magic Dart (safe; 7% risk of failure)
Press: ? - help, Shift-Dir - straight line, f/p - adder
Aim: an adder (moderately wounded, 100% to hit)
The magic dart hits the adder.
The adder is heavily wounded.
You feel sick. The adder barely misses you.
Unknown command.
Unknown command.
Casting: Magic Dart (safe; 7% risk of failure)
Confirm with . or Enter, or press ? or * to list all spells.
Aiming: Magic Dart (safe; 7% risk of failure)
Press: ? - help, Shift-Dir - straight line, f/p - adder
Aim: an adder (heavily wounded, 100% to hit)
The magic dart hits the adder but does no damage.
The adder is heavily wounded.
You feel sick. The adder misses you.
Unknown command.
Unknown command.
Casting: Magic Dart (safe; 7% risk of failure)
Confirm with . or Enter, or press ? or * to list all spells.
Aiming: Magic Dart (safe; 7% risk of failure)
Press: ? - help, Shift-Dir - straight line, f/p - adder
Aim: an adder (heavily wounded, 100% to hit)
The magic dart hits the adder.
The adder is almost dead.
You feel sick. The adder bites you.
* * * LOW HITPOINT WARNING * * *
The adder bites you but does no damage.
Your magical contamination has completely faded away.
Unknown command.
Okay, then.
Magic courses through your body.
* * * LOW HITPOINT WARNING * * *
You feel sick. The adder bites you.
You die...

#..........# #..........# ..
#####..........# .#
#..............# .#
###....##.#####.## .#
#.......÷..# #..#
.#######......#.#####.### ..
................##...# .#
####....##.S@.....#'# >#
##....>.###.###..##.## J#
##................#...#
####..........#..#####...#
##†...........#..#####...#
#.............##....##...##
...#..........#######..♣..#####
..............###.............#
##..#..........+.....♣.<.♣.....+


You could see an adder.

Vanquished Creatures
  An adder (D:2)
  2 endoplasms
  2 giant cockroaches (D:1)
  4 goblins
  A hobgoblin (D:2)
  3 quokkas
  A ball python (D:2)
  3 bats
  A frilled lizard (D:2)
  A rat (D:1)
19 creatures vanquished.

Notes
Turn   | Place    | Note
-------+----------+-------------------------------------------
     0 | D:1      | Atelerd the Octopode Hedge Wizard began the quest for the
                  | Orb.
     0 | D:1      | Reached XP level 1. HP: 11/11 MP: 4/4
    10 | D:1      | Upgraded the game from 0.31.0-4-g52a2dc7128 to
                  | 0.31.0-11-ge490571c62
   263 | D:2      | Reached XP level 2. HP: 17/17 MP: 6/6
   321 | D:2      | Noticed Terence
   532 | D:2      | Reached XP level 3. HP: 11/21 MP: 0/8
   541 | D:2      | Learned a level 3 spell: Mephitic Cloud
   541 | D:2      | Upgraded the game from 0.31.0-11-ge490571c62 to
                  | 0.31.0-12-g77e489cdc1
   784 | D:1      | HP: 1/21 [adder (3)]
   785 | D:1      | Slain by an adder

Illustrated notes

Levels and vault maps discovered:
D:1:      evilmike_arrival_plus, layout_rooms
D:2:      layout_basic, minmay_pentomino_r2, uniq_terence

Action                     || total
---------------------------++-------
  Melee: Dagger            ||    20
         Constrict         ||     3
         Tentacles         ||     4
   Cast: Magic Dart        ||    38
    Use: Potion            ||     1
   Stab: Sleeping          ||     4
 Armour: Skin              ||    35
  Dodge: Dodged            ||    54
